 Dungeon Crawl Stone Soup version 0.28-a0-1395-g4f6bc678fa (webtiles) character file.

Game seed: 15113041696175578335

6 HallandMoats the Shield-Bearer (level 1, -3/11 HPs)
             Began as a Vine Stalker Fighter on Jan 5, 2022.
             Slain by a quokka (4 damage)
             ... on level 1 of the Dungeon.
             The game lasted 00:00:51 (263 turns).

HallandMoats the Shield-Bearer (VSFi)                Turns: 263, Time: 00:00:52

Health: -3/11      AC:  6    Str: 18    XL:     1   Next: 90%
Magic:  0/2        EV:  9    Int:  8    God:
Gold:   8          SH:  4    Dex: 13    Spells: 0/0 levels left

rFire   . . .      SeeInvis .   h - +2 hand axe (elec)
rCold   . . .      Faith    .   c - +0 buckler
rNeg    . . .      Spirit   +   b - +0 scale mail
rPois   .          Reflect  .   (no helmet)
rElec   .          Harm     .   (no cloak)
rCorr   .          Rampage  .   (no gloves)
Will    .....                   (no boots)
Stlth   ..........              (no amulet)
HPRegen 0.03/turn               (no ring)
MPRegen 0.08/turn               (no ring)

@: no status effects
A: fangs 2, magic shield, antimagic bite, no potion heal 2
a: no special abilities


You were on level 1 of the Dungeon.
You visited 1 branch of the dungeon, and saw 1 of its levels.

You collected 8 gold pieces.

Inventory:

Hand Weapons
 a - a +0 long sword
 h - a +2 hand axe of electrocution (weapon)
Armour
 b - a +0 scale mail (worn)
 c - a +0 buckler (worn)
Scrolls
 g - a scroll of fog {unknown}
Potions
 d - a potion of might
 e - a potion of degeneration {unknown}
 f - 3 potions of berserk rage {unknown}


   Skills:
 + Level 2.7 Fighting
 - Level 1.8 Long Blades
 * Level 0.0 Axes
 + Level 2.4 Armour
 + Level 0.2 Dodging
 + Level 2.7 Shields
 * Level 0.5 Invocations


You couldn't memorise any spells.
You didn't know any spells.
Your spell library was empty.

Dungeon Overview and Level Annotations

Branches:
Dungeon (1/15)

Altars:


Innate Abilities, Weirdness & Mutations

You have extremely sharp teeth.
When hurt, damage is shared between your health and your magic reserves.
Your bite disrupts and absorbs the magic of your enemies.
Potions cannot restore your health.


Message History

No target in view!
Search for what [? for help]? axe You see here a +2 hand axe of electrocution.
h - a +2 hand axe of electrocution You hear the crackle of electricity.
h - a +2 hand axe of electrocution (weapon)
Found a chain mail.
Found a robe.
You see here a +0 chain mail.
No target in view!
An endoplasm comes into view.
The endoplasm quivers.
A quokka comes into view.
There are monsters nearby!
You hit the endoplasm. You bite the endoplasm. You drain its power.
The endoplasm is heavily wounded.
The endoplasm freezes you.
You are frozen.
The endoplasm freezes you.
You are frozen.
There are monsters nearby!
You are too injured to fight recklessly!
You are too injured to fight recklessly!
You are too injured to fight recklessly!
You are too injured to fight recklessly!
You are too injured to fight recklessly!
You are too injured to fight recklessly!
You are too injured to fight recklessly!
You are too injured to fight recklessly!
You barely miss the endoplasm. You bite the endoplasm. You drain its power.
You feel invigorated.
The endoplasm is severely wounded.
The endoplasm freezes you.
You are frozen.
* * * LOW HITPOINT WARNING * * *
You hit the endoplasm.
You kill the endoplasm!
You hit the quokka but do no damage. The quokka completely misses you.
The quokka bites you.
You die...

##### ### #.... ###..
#....# ###....
#.....###########...#..
##.....#.[.........#...#
......r@.####........###
....................##
.###.##.............####
#.##.................
....#####.......#...
......###.......#.##
[..............#.#
#...#..##.........#
########...........##


You could see a quokka.

Vanquished Creatures
  A bat (D:1)
  2 endoplasms (D:1)
  A kobold (D:1)
  A ball python (D:1)
5 creatures vanquished.

Notes
Turn   | Place    | Note
-------+----------+-------------------------------------------
     0 | D:1      | HallandMoats the Vine Stalker Fighter began the quest for
                  | the Orb.
     0 | D:1      | Reached XP level 1. HP: 11/11 MP: 2/2
   263 | D:1      | Slain by a quokka

Illustrated notes

Levels and vault maps discovered:
D:1:      dpeg_arrival_simpleton_b, layout_rooms, serial_shops,
          nicolae_shop_temple_entry_statues_fountains, basic_ecumenical_altar,
          chequers_serial_rivers_micro_e, minmay_hexomino_c4

Action                   || total
-------------------------++-------
Melee: Long sword        ||     4
       Hand axe          ||     4
       Bite              ||     3
Dodge: Dodged            ||     3

Table legend: (Time is in decaauts)
 A = Elapsed time spent in this place.
 B = Non-inter-level travel time spent in this place.
 C = Inter-level travel time spent in this place.
 D = Time resting spent in this place.
 E = Time spent auto-exploring this place.
 F = Levels seen in this place.
 G = Mean time per level.
                   A        B        C        D        E       F      G
               +--------+--------+--------+--------+--------+-----+--------+
         Total |    264 |    242 |     22 |      0 |    213 |   1 |  264.0 |
       Dungeon |    264 |    242 |     22 |      0 |    213 |   1 |  264.0 |
               +--------+--------+--------+--------+--------+-----+--------+

Top non-repeatable levels by time:
     D:1: 264 daAuts
